 Dungeon Crawl Stone Soup version 0.19.0 (webtiles) character file.

128 CanadianGator the Bolt Thrower (level 5, -1/46 HPs)
             Began as a Kobold Hunter on Nov 21, 2016.
             Slain by a gnoll
             ... wielding a +0 halberd of holy wrath
              (7 damage)
             ... on level 3 of the Dungeon.
             The game lasted 00:14:31 (2351 turns).

CanadianGator the Bolt Thrower (Kobold Hunter)      Turns: 2351, Time: 00:14:31

Health: -1/46      AC: 22    Str: 14    XL:     5   Next: 33%
Magic:  5/5        EV:  3    Int: 12    God:
Gold:   89         SH:  0    Dex: 17    Spells: 0 memorised, 4 levels left

rFire  . . .     SeeInvis +     b - +0 short sword
rCold  . . .     Gourm    .     (armour currently unavailable)
rNeg   + + +     Faith    .     (shield restricted)
rPois  +         Spirit   .     (helmet currently unavailable)
rElec  .         Reflect  .     (cloak currently unavailable)
rCorr  .         Harm     .     (gloves currently unavailable)
MR     .....     NoTele   +     (boots currently unavailable)
Stlth  ++........               (no amulet)
                                (no ring)
                                s - ring of see invisible

@: mighty, tree-form
A: carnivore 3
a: no special abilities


You were on level 3 of the Dungeon.
You were full.
You were a tree.
You visited 1 branch of the dungeon, and saw 3 of its levels.

You collected 89 gold pieces.

Inventory:

Hand Weapons
 a - a +1 hand crossbow
 b - a +0 short sword (weapon)
Missiles
 d - 18 bolts
Armour
 c - a +0 leather armour (melded)
 g - a +0 pair of gloves (melded)
 l - a +2 helmet (melded)
 x - a +1 cloak (melded)
Jewellery
 s - a ring of see invisible (left branch)
 u - an uncursed ring of protection from cold {unknown}
Scrolls
 i - a scroll of magic mapping
 j - a scroll of noise {unknown}
 k - 2 scrolls of identify {unknown}
 m - 2 scrolls of remove curse {unknown}
 r - 2 scrolls of teleportation {unknown}
 v - a scroll of amnesia {unknown}
 w - a scroll of blinking {unknown}
 A - a scroll of fog {unknown}
Books
 y - a book of Misfortune

   Spells                             Type                      Level
   a - Confusing Touch                Hexes                        1
   b - Confuse                        Hexes                        3
   c - Gell's Gravitas                Hexes/Translocation          3
   d - Petrify                        Transmutation/Earth          4
   e - Metabolic Englaciation         Hexes/Ice                    5
   f - Yara's Violent Unravelling     Hexes/Transmutation          5
Comestibles
 f - 2 meat rations
 o - a slice of pizza
 z - a beef jerky


   Skills:
 + Level 2.4 Fighting
 * Level 2.9 Short Blades
 * Level 5.7 Crossbows
 + Level 0.7 Armour
 * Level 3.2 Dodging
 * Level 3.2 Stealth


You had 4 spell levels left.
You didn't know any spells.

Dungeon Overview and Level Annotations

Branches:
Dungeon (3/15)

Altars:
Makhleb

Annotations:
D:3 CanadianGator's ghost, amateur KoBe


Innate Abilities, Weirdness & Mutations

You are small and have problems with some larger weapons.
You are carnivorous and can eat meat at any time.


Message History

Your +0 pair of gloves melds into your body.
Your +0 leather armour melds into your body.
Your roots penetrate the ground.
The gnoll hits you but does no damage.
CanadianGator's ghost says very slowly, "There's no hope."
CanadianGator's ghost barely misses you.
You hit CanadianGator's ghost.
CanadianGator's ghost is almost destroyed.
The gnoll hits you from afar with a halberd of holy wrath.
* * * LOW HITPOINT WARNING * * *
CanadianGator's ghost hits you but does no damage.
It was a potion of might.
You feel very mighty all of a sudden.
CanadianGator's ghost hits you but does no damage.
The gnoll barely misses you.
You barely miss CanadianGator's ghost.
CanadianGator's ghost is almost destroyed.
You hear the rusting of a distant drain.
CanadianGator's ghost hits you but does no damage.
The gnoll hits you from afar with a halberd of holy wrath!
You die...

*,,,,,,,,,* ##...## *,*
*#..* *,**,,**,,* ##'## *,*
##..,# *,**,,**,,* #.# *,*
#..#.# *,**,,**,,* #.# *,*
#.)..# *,,,,,,*,,* ##.##
#.###.##.#
*,**,,,*,,*###...##
#........#
*,,,,,,,,,*#......#
#####)####
*,**,,,*,**#.....#########%#
*,**,,,,,**#...♣Wg†........#
*,***,,,.........###########
*,* **,*####.....# *,****,*
####### *,,,,,,* ********


You could see CanadianGator's ghost and a gnoll.

Vanquished Creatures
  A gnoll (D:3)
  An adder (D:3)
  3 oozes (D:2)
  2 worms
  2 dart slugs (D:1)
  3 leopard geckos (D:2)
  2 orcs (D:3)
  A giant cockroach (D:1)
  10 goblins
  11 hobgoblins
  9 jackals
  A quokka (D:3)
  A ball python (D:1)
  5 bats
  6 frilled lizards (D:1)
  11 kobolds
  9 rats
78 creatures vanquished.

Notes
Turn   | Place    | Note
-------+----------+-------------------------------------------
     0 | D:1      | CanadianGator the Kobold Hunter began the quest for the Orb.
     0 | D:1      | Reached XP level 1. HP: 12/12 MP: 1/1
    81 | D:1      | Reached XP level 2. HP: 8/17 MP: 2/2
   112 | D:1      | Reached skill level 1 in Short Blades
   284 | D:1      | Reached skill level 5 in Crossbows
   542 | D:1      | Reached XP level 3. HP: 21/21 MP: 3/3
  1062 | D:2      | Reached XP level 4. HP: 26/27 MP: 4/4
  1724 | D:2      | Reached XP level 5. HP: 15/31 MP: 5/5
  1966 | D:2      | Found a burning altar of Makhleb.
  2292 | D:3      | Noticed CanadianGator's ghost (amateur KoBe)
  2351 | D:3      | Slain by a gnoll

Skill      XL: |  1  2  3  4 |
---------------+-------------+-----
Short Blades   | 1 2 |  2.9
Crossbows      | 5 |  5.7
Stealth        | 2 3 |  3.2
Dodging        | 3 |  3.2
Fighting       | |  2.4
Armour         | |  0.7

Action                   |  1- 3 |  4- 6 || total
-------------------------+-------+-------++-------
Melee: Short sword       |    48 |   104 ||   152
 Fire: Hand crossbow     |    40 |    47 ||    87
  Use: Potion            |       |     7 ||     7
       Scroll            |       |     1 ||     1
 Stab: Sleeping          |     1 |     1 ||     2
       Distracted        |     1 |       ||     1
       Invisible         |       |     2 ||     2
  Eat: Chunk             |     9 |       ||     9
Armor: Leather armour    |     9 |    25 ||    34
       Skin              |       |     4 ||     4
Dodge: Dodged            |    54 |    68 ||   122
